 Dungeon Crawl Stone Soup version 0.19.0-24-gb05acd6 (webtiles) character file.

3248 Rrauwl the Quickloader (level 9, -5/79 HPs)
             Began as a Hill Orc Wanderer on Nov 23, 2016.
             Was an Elder of Okawaru.
             Slain by a two-headed ogre
             ... wielding a +0 giant spiked club
              (13 damage)
             ... on level 8 of the Dungeon.
             The game lasted 00:45:23 (6040 turns).

Rrauwl the Quickloader (Hill Orc Wanderer)          Turns: 6040, Time: 00:45:24

Health: -5/79      AC: 11    Str: 14    XL:     9   Next: 99%
Magic:  12/13      EV:  9    Int: 14    God:    Okawaru [****..]
Gold:   461        SH:  4    Dex: 17    Spells: 0 memorised, 10 levels left

rFire  x . .     SeeInvis .     a - +3 hand crossbow
rCold  + . .     Gourm    .     u - +0 plate armour
rNeg   . . .     Faith    .     (no shield)
rPois  .         Spirit   .     q - +0 helmet
rElec  .         Reflect  .     h - +2 cloak
rCorr  .         Harm     .     (no gloves)
MR     .....     Rnd*Rage +     (no boots)
Stlth  ..........               (no amulet)
                                t - +6 ring of slaying
                                p - ring of ice

@: agile, very slightly contaminated
A: large bone plates 1, berserk 1, deformed body, MP-powered wands
a: Heroism, Renounce Religion


You were on level 8 of the Dungeon.
You worshipped Okawaru.
Okawaru was greatly pleased with you.
You were not hungry.

You visited 1 branch of the dungeon, and saw 8 of its levels.

You collected 461 gold pieces.

Inventory:

Hand Weapons
 a - a +3 hand crossbow (weapon)
 x - a +0 war axe
 y - a +2 trident of freezing
Missiles
 b - 11 bolts (quivered)
Armour
 h - a +2 cloak (worn)
 q - a +0 helmet (worn)
 u - a +0 plate armour (worn)
Jewellery
 p - a ring of ice (left hand)
 t - a +6 ring of slaying (right hand)
Wands
 c - a wand of random effects (28/48)
 m - a wand of flame (20/48)
Scrolls
 k - a scroll of fog
 n - a scroll of identify
 o - a scroll of remove curse
 v - 2 scrolls of enchant armour
Potions
 e - a potion of curing
 f - a potion of agility
 j - a potion of resistance
 A - a potion of might
Comestibles
 d - 6 bread rations
 i - a meat ration
 w - 2 slices of pizza
 z - 12 chunks of flesh
 B - a beef jerky


   Skills:
 - Level 7.0 Fighting
 + Level 5.5 Axes
 + Level 9.8 Crossbows
 - Level 5.0 Armour
 - Level 1.0 Spellcasting
   Level 1.7 Charms
 + Level 5.6 Invocations
 - Level 2.0 Evocations


You had 10 spell levels left.
You didn't know any spells.

Dungeon Overview and Level Annotations

Branches:
Dungeon (8/15)             Temple (0/1) D:7
   Lair: D:8-11

Altars:
Ashenzari
Cheibriados
Dithmenos
Nemelex Xobeh
Okawaru
Sif Muna
Vehumet


Innate Abilities, Weirdness & Mutations

You are partially covered in large bone plates. (SH +4)
You tend to lose your temper in combat.
Armour fits poorly on your strangely shaped body.
You expend magic power (3 MP) to strengthen your wands.


Message History

Press: ? - help, Shift-Dir - straight line, f/p - AAAAA's ghost
Aim: AAAAA's ghost (almost destroyed)
You shoot a bolt. The bolt hits AAAAA's ghost!
You destroy AAAAA's ghost!
Okawaru is honoured by your kill. Something appears at your feet!
Okawaru grants you a gift!
Your Axes skill increases to level 5!
Your Invocations skill increases to level 5!
The two-headed ogre barely misses you. You block the two-headed ogre's attack.
You feel better.
Firing (i - inventory):
b - 12 bolts (quivered)
Press: ? - help, Shift-Dir - straight line, f - two-headed ogre
Aim: a two-headed ogre, wielding a giant spiked club and a giant club (heavily wounded)
You shoot a bolt. The bolt hits the two-headed ogre.
The two-headed ogre is severely wounded.
The two-headed ogre hits you with a giant spiked club!
* * * LOW HITPOINT WARNING * * *
The two-headed ogre hits you with a giant club!
You die...

##........# ###
##.......#
#.#####.#....#
##...###..#...#
#[....###.# #.#
##......##.##
#...........#
##.........#.#
#..........@.#
#..........O.##
#...........(.# .
##..........##.# ...
#..........###(###.....
#.........## #)((..W...
#.......### ##.###.....
##...#### #.(# ...
##### #.## .


You could see a two-headed ogre.

Vanquished Creatures
  The ghost of AAAAA the Fighter, a journeyman KoMo of Ashenzari (D:8)
  Maurice (D:8)
  Grum (D:8)
  The ghost of AAAAA the Magician, an amateur KoNe (D:3)
  2 ice beasts
  An orc warrior (D:8)
  A phantom (D:5)
  A sky beast (D:7)
  2 wolves (D:8)
  A necrophage (D:5)
  2 ogres
  A centaur (D:7)
  2 bullfrogs
  A gnoll sergeant (D:7)
  A wyvern skeleton (D:8)
  2 scorpions
  2 hounds
  An orc priest (D:4)
  4 iguanas
  3 orc wizards
  Crazy Yiuf (D:2)
  Natasha (thrice) (D:2)
  4 worker ants
  A hound zombie (D:7)
  3 gnolls (D:7)
  5 adders
  3 shadow imps
  3 oozes
  3 worms
  2 dart slugs
  4 leopard geckos
  18 orcs
  2 ball pythons
  3 giant cockroaches
  5 goblins
  9 hobgoblins
  12 jackals
  3 quokkas
  A ball python zombie (D:5)
  7 bats
  5 frilled lizards
  9 kobolds
  7 rats
144 creatures vanquished.

Notes
Turn   | Place    | Note
-------+----------+-------------------------------------------
     0 | D:1      | Rrauwl the Hill Orc Wanderer began the quest for the Orb.
     0 | D:1      | Rrauwl set off with: a +2 hand crossbow, 27 bolts, a +0 ring mail, a bread ration
     0 | D:1      | Reached XP level 1. HP: 14/14 MP: 2/2
   327 | D:1      | Reached XP level 2. HP: 20/20 MP: 3/3
   385 | D:1      | Reached skill level 5 in Crossbows
   745 | D:2      | Noticed Natasha
   751 | D:2      | Killed Natasha
   751 | D:2      | Reached skill level 1 in Fighting
   751 | D:2      | Reached XP level 3. HP: 26/28 MP: 4/4
   803 | D:2      | Noticed Natasha
   808 | D:2      | Killed Natasha
   808 | D:2      | Reached XP level 4. HP: 35/36 MP: 5/5
   823 | D:2      | Noticed Natasha
   843 | D:2      | Killed Natasha
  1052 | D:2      | Gained mutation: You are weak. (Str -2) [potion of mutation]
  1052 | D:2      | Gained mutation: You expend magic power (3 MP) to strengthen your wands. [potion of mutation]
  1052 | D:2      | Gained mutation: Armour fits poorly on your strangely shaped body. [potion of mutation]
  1135 | D:2      | Reached XP level 5. HP: 42/42 MP: 6/6
  1148 | D:2      | Found a shadowy altar of Dithmenos.
  1187 | D:2      | Gained mutation: You tend to lose your temper in combat. [potion of mutation]
  1187 | D:2      | Lost mutation: You are weak. (Str -2) [potion of mutation]
  1187 | D:2      | Gained mutation: You are partially covered in large bone plates. (SH +4) [potion of mutation]
  1517 | D:2      | Found an iron altar of Okawaru.
  1525 | D:2      | Became a worshipper of Warmaster Okawaru
  1531 | D:2      | Found a radiant altar of Vehumet.
  1554 | D:2      | Found a deep blue altar of Sif Muna.
  1557 | D:2      | Found a shattered altar of Ashenzari.
  1865 | D:2      | Found a runed door.
  1869 | D:2      | Noticed Crazy Yiuf
  1876 | D:2      | Killed Crazy Yiuf
  1876 | D:2      | Reached skill level 6 in Crossbows
  2150 | D:3      | Noticed AAAAA's ghost (amateur KoNe)
  2167 | D:3      | Killed AAAAA's ghost
  2167 | D:3      | Reached XP level 6. HP: 37/53 MP: 7/7
  2769 | D:4      | Reached skill level 5 in Fighting
  2773 | D:4      | Reached * piety under Okawaru
  2773 | D:4      | Reached XP level 7. HP: 59/61 MP: 8/8
  3550 | D:4      | Reached skill level 7 in Crossbows
  3562 | D:4      | Found a snail-covered altar of Cheibriados.
  3694 | D:5      | Entered Level 5 of the Dungeon
  3829 | D:5      | Reached ** piety under Okawaru
  3873 | D:5      | Reached XP level 8. HP: 71/71 MP: 9/9
  3889 | D:5      | Found a sparkling altar of Nemelex Xobeh.
  4227 | D:5      | Reached skill level 1 in Armour
  4291 | D:5      | Reached skill level 8 in Crossbows
  5176 | D:7      | Found a staircase to the Ecumenical Temple.
  5189 | D:7      | Reached XP level 9. HP: 79/79 MP: 10/10
  5196 | D:7      | Reached skill level 5 in Armour
  5699 | D:8      | Reached skill level 1 in Invocations
  5702 | D:8      | Reached skill level 1 in Axes
  5703 | D:8      | Reached skill level 9 in Crossbows
  5748 | D:8      | Noticed Grum
  5748 | D:8      | Reached *** piety under Okawaru
  5755 | D:8      | Killed Grum
  5965 | D:8      | Noticed Maurice
  5982 | D:8      | Noticed AAAAA's ghost (journeyman KoMo)
  6006 | D:8      | Killed Maurice
  6029 | D:8      | Noticed a two-headed ogre
  6038 | D:8      | Killed AAAAA's ghost
  6038 | D:8      | Reached **** piety under Okawaru
  6038 | D:8      | Received a gift from Okawaru
  6038 | D:8      | Reached skill level 5 in Axes
  6038 | D:8      | Reached skill level 5 in Invocations
  6040 | D:8      | Slain by a two-headed ogre

Skill      XL: |  1  2  3  4  5  6  7  8  9 |
---------------+----------------------------+-----
Crossbows      | 5 6 7 8 9 |  9.8
Fighting       | 1 2 4 5 6 7 |  7.0
Armour         | 4 5 |  5.0
Invocations    | 5 |  5.6
Axes           | 5 |  5.5
Spellcasting   | |  1.0
Charms         | |  1.7
Evocations     | |  2.0

Action                   |  1- 3 |  4- 6 |  7- 9 || total
-------------------------+-------+-------+-------++-------
 Fire: Hand crossbow     |    46 |   198 |   277 ||   521
  Use: Scroll            |     1 |     7 |     9 ||    17
       Potion            |     1 |     5 |     7 ||    13
  Eat: Chunk             |       |     6 |     3 ||     9
       Meat ration       |       |       |     1 ||     1
       Royal jelly       |       |       |     1 ||     1
Armor: Ring mail         |     4 |       |       ||     4
       Chain mail        |     7 |    75 |    32 ||   114
       Plate armour      |       |       |    53 ||    53
Dodge: Dodged            |     8 |    34 |    38 ||    80
Block: Other             |       |    14 |    32 ||    46
